 Dungeon Crawl Stone Soup version 0.20-a0-375-gc02d24d (webtiles) character file.

802 Musica the Covert (level 7, -2/45 HPs)
             Began as an Octopode Assassin on Dec 24, 2016.
             Slain by an ogre
             ... wielding a +0 giant club
              (28 damage)
             ... on level 5 of the Dungeon on Dec 28, 2016.
             The game lasted 00:15:17 (4378 turns).

Musica the Covert (Octopode Assassin)               Turns: 4378, Time: 00:15:17

Health: -2/45      AC:  1    Str: 15    XL:     7   Next: 91%
Magic:  7/7        EV: 13    Int: 13    God:
Gold:   235        SH:  0    Dex: 16    Spells: 5/6 levels left

rFire  . . .     SeeInvis +     a - +2 dagger
rCold  . . .     Gourm    .     (no shield)
rNeg   . . .     Faith    .     (helmet restricted)
rPois  .         Spirit   .     (no amulet)
rElec  .         Reflect  .     (no ring)
rCorr  .         Harm     .     (no ring)
MR     .....     Rnd*Rage +     (no ring)
Stlth  ++++++....               (no ring)
                                (no ring)
                                (no ring)
                                (no ring)
                                (no ring)

@: mighty
A: almost no armour, stealthy swim, amphibious, 8 rings, constrict 8, tentacle
spike 1, camouflage 1, see invisible, berserk 1, gelatinous body 1
a: no special abilities


You were on level 5 of the Dungeon.
You were not hungry.

You visited 1 branch of the dungeon, and saw 6 of its levels.

You collected 235 gold pieces.

Inventory:

Hand Weapons
 a - a +2 dagger (weapon)
 b - a +0 blowgun
Missiles
 d - a curare-tipped needle
 q - 24 poisoned needles
 v - 6 needles of frenzy
Armour
 j - a +0 shield
Wands
 p - a wand of lightning (3/15)
Scrolls
 e - 3 scrolls of teleportation {unknown}
 g - 11 scrolls of identify {unknown}
 h - 6 scrolls of remove curse {unknown}
 i - a scroll of fog {unknown}
 k - 3 scrolls of immolation {unknown}
 l - 2 scrolls of enchant armour {unknown}
 m - a scroll of magic mapping {unknown}
 n - 2 scrolls of amnesia {unknown}
 o - 2 scrolls of enchant weapon {unknown}
 t - a scroll of recharging {unknown}
 u - a scroll of blinking {unknown}
Potions
 c - a potion of mutation
 r - 5 potions of curing
 w - 2 potions of heal wounds {unknown}
 z - a potion of lignification
Books
 x - a book of Minor Magic

   Spells                             Type                      Level
   a - Magic Dart                     Conjuration                  1
   b - Blink                          Translocation                2
   c - Call Imp                       Summoning                    2
   d - Repel Missiles                 Charms/Air                   2
   e - Slow                           Hexes                        2
   f - Conjure Flame                  Conjuration/Fire             3
   g - Mephitic Cloud                 Conjuration/Poison/Air       3
 y - a book of Geomancy

   Spells                             Type                      Level
   a - Sandblast                      Earth                        1
   b - Passwall                       Transmutation/Earth          2
   c - Stone Arrow                    Conjuration/Earth            3
   d - Petrify                        Transmutation/Earth          4
   e - Lee's Rapid Deconstruction     Earth                        5
 A - a book of Changes

   Spells                             Type                      Level
   a - Beastly Appendage              Transmutation                1
   b - Sticks to Snakes               Transmutation                2
   c - Spider Form                    Transmutation/Poison         3
   d - Ice Form                       Ice/Transmutation            4
   e - Blade Hands                    Transmutation                5
Comestibles
 f - 4 bread rations
 B - 2 meat rations


   Skills:
 - Level 2.0 Fighting
 + Level 4.6 Short Blades
 + Level 4.1 Throwing
 - Level 1.0 Dodging
 + Level 10.5 Stealth


You had 5 spell levels left.
You knew the following spells:

 Your Spells              Type           Power        Failure   Level  Hunger
a - Magic Dart            Conj           #...         30%         1    ##.....


Dungeon Overview and Level Annotations

Branches:
Dungeon (6/15)
 Temple: D:4-7

Altars:

Annotations:
D:5 ahoge's ghost, novice MiBe


Innate Abilities, Weirdness & Mutations

You cannot wear most types of armour.
You are very stealthy in the water. (Stealth+)
You are amphibious.
You can wear up to eight rings at the same time.
You can use your tentacles to constrict eight enemies at once.
Your skin changes colour to match your surroundings (Stealth+).
Your rubbery body absorbs attacks. (AC +1, EV +1)
One of your tentacles bears a spike.
You have supernaturally acute eyesight. (SInv)
You tend to lose your temper in combat.


Message History

The crimson imp is moderately wounded.
You constrict the crimson imp. The orc misses you.
The crimson imp closely misses you. The orc closely misses you.
You release your grip on the crimson imp.
The crimson imp hits you but does no damage.
The crimson imp blinks!
You see here a scroll labeled XILLOO ZUNT.
You hit the orc. Your grab misses the orc.
Your tentacle spike misses the orc.
The orc is moderately wounded.
The orc hits you but does no damage.
It was a potion of might.
You feel very mighty all of a sudden. The orc hits you with a dagger.
You puncture the orc!
You kill the orc!
You hit the ogre.
You pierce the ogre.
The ogre is moderately wounded.
The ogre hits you with a giant club!!
Ouch! That really hurt!
You die...

#.# #.###......... #.# .......
#. #.##.......... ....(..###.#
.##..........
#......##.##............. #
#...........###..........
.#####....................>...
. ......!....# #....##...<...#.
..##......).o###.##..........##
...l......looO@.....###........
#.#.......5o.###..### #####..##
...........### ##..# ####
...........# ##.# ...........#
## ...........# ...........#
...........# .......#####


You could see an ogre, an iguana, an orc priest, an orc wizard, a crimson imp
and 2 orcs.

Vanquished Creatures
  A necrophage (D:5)
  A bullfrog (D:4)
  2 scorpions (D:4)
  2 crimson imps (D:4)
  3 orc priests
  A hound (D:5)
  5 worker ants (D:4)
  9 gnolls
  7 adders
  2 worms
  5 dart slugs
  2 leopard geckos
  8 orcs
  A ball python (D:5)
  2 giant cockroaches
  8 goblins
  8 hobgoblins
  7 jackals
  4 kobolds
  2 quokkas
  A bat (D:1)
  5 frilled lizards
  A jackal skeleton (D:5)
  A leopard gecko skeleton (D:3)
  7 rats
95 creatures vanquished.

Notes
Turn   | Place    | Note
-------+----------+-------------------------------------------
     0 | D:1      | Musica the Octopode Assassin began the quest for the Orb.
     0 | D:1      | Reached XP level 1. HP: 14/14 MP: 1/1
   133 | D:3      | Noticed an orc priest
   133 | D:3      | Noticed an orc priest
   156 | D:1      | Reached XP level 2. HP: 7/19 MP: 2/2
   368 | D:1      | Reached skill level 6 in Stealth
   704 | D:1      | Reached XP level 3. HP: 24/24 MP: 3/3
  1161 | D:2      | Found a faded altar of an unknown god.
  1168 | D:2      | Reached skill level 7 in Stealth
  1323 | D:3      | Reached XP level 4. HP: 22/29 MP: 4/4
  1521 | D:3      | Reached skill level 8 in Stealth
  1521 | D:3      | Reached XP level 5. HP: 29/34 MP: 5/5
  2762 | D:3      | Reached XP level 6. HP: 24/39 MP: 6/6
  3079 | D:5      | Entered Level 5 of the Dungeon
  3079 | D:5      | Noticed a necrophage
  3160 | D:4      | Reached skill level 9 in Stealth
  3188 | D:5      | Noticed ahoge's ghost (novice MiBe)
  3246 | D:4      | Learned a level 1 spell: Magic Dart
  3281 | D:4      | Reached XP level 7. HP: 36/45 MP: 7/7
  4106 | D:4      | Upgraded the game from 0.20-a0-350-ga83eecc to 0.20-a0-375-gc02d24d
  4162 | D:5      | Gained mutation: One of your tentacles bears a spike. [potion of mutation]
  4162 | D:5      | Gained mutation: You have supernaturally acute eyesight. (SInv) [potion of mutation]
  4162 | D:5      | Gained mutation: You tend to lose your temper in combat. [potion of mutation]
  4208 | D:4      | Reached skill level 10 in Stealth
  4378 | D:5      | Slain by an ogre

Vault maps used:
D:1:      dpeg_arrival_shelter, minivault_11, minmay_misc_feat_four_crosses
D:2:      chequers_ecumenical_altar_island
D:4:      first_bread, nrook_loot_triangle
D:5:      lightli_temple_of_fire, elyvilon_altar_4
D:6:      kennysheep_mini, basic_altar, minmay_three_doors, uniq_sigmund,
          uniq_duvessa

Skill      XL: |  1  2  3  4  5  6  7 |
---------------+----------------------+-----
Stealth        | 6 7 8 9 10 | 10.5
Short Blades   | 3 4 |  4.6
Throwing       | 3 4 |  4.1
Fighting       | |  2.0
Dodging        | |  1.0

Action                   |  1- 3 |  4- 6 |  7- 9 || total
-------------------------+-------+-------+-------++-------
Melee: Dagger            |    56 |    75 |    67 ||   198
       Constrict         |    15 |    17 |    16 ||    48
       Tentacles         |     9 |     7 |     6 ||    22
       Kick              |       |       |    13 ||    13
 Fire: Blowgun           |    15 |    25 |       ||    40
Evoke: Wand              |     1 |     3 |       ||     4
  Use: Potion            |     3 |     1 |     2 ||     6
 Stab: Sleeping          |    14 |     9 |     4 ||    27
       Distracted        |       |       |     1 ||     1
  Eat: Chunk             |     1 |     2 |     2 ||     5
       Bread ration      |       |     1 |       ||     1
       Royal jelly       |       |       |     1 ||     1
Armor: Skin              |    18 |    20 |     6 ||    44
Dodge: Dodged            |    29 |    33 |    29 ||    91
